UNITED STATES PREMIER LEAGUE
GRAFTON MIDDIES VS BROOKLYN DODGERS
07/17/2014
 
TOP OF THE 1ST
Brooklyn Dodgers batting - Pitching for Grafton Middies : RHP Yuri Volkers
Pitching: RHP Yuri Volkers
Batting: LHB Christian Walls 0-0: Foul Ball, location: 2F
0-1: Foul Ball, location: 2F
0-2: Ball
1-2: Ball
2-2: Foul Ball, location: 2F
2-2: Strikes out looking
Batting: LHB Egidio Agnolutto 0-0: Bunt for hit - play at first, batter OUT! 1-3
Batting: RHB Thom Wilcox 0-0: Swinging Strike
0-1: Swinging Strike
0-2: Strikes out swinging
Top of the 1st over - 0 run(s), 0 hit(s), 0 error(s), 0 left on base; Brooklyn 0 - Grafton 0
BOTTOM OF THE 1ST
Grafton Middies batting - Pitching for Brooklyn Dodgers : RHP Ramón Ortega
Pitching: RHP Ramón Ortega
Batting: RHB Fernando Delgado 0-0: Ball
1-0: Foul Ball, location: 2F
1-1: Fly out, F3 (Popup, 3F)
Batting: LHB Paul Herman 0-0: Foul Ball, location: 2F
0-1: Foul Ball, location: 2F
0-2: Ball
1-2: Fly out, F6 (Popup, 6MD)
Batting: LHB Tony Dyer 0-0: SINGLE (Groundball, 4)
Batting: LHB Guillermo Romero 0-0: TRIPLE (Flyball, 7LM)
Tony Dyer scores
Batting: SHB Matt Morris 0-0: Called Strike
0-1: Ball
1-1: Ball
2-1: Fly out, F8 (Flyball, 8LXD)
Bottom of the 1st over - 1 run(s), 2 hit(s), 0 error(s), 1 left on base; Brooklyn 0 - Grafton 1
TOP OF THE 2ND
Brooklyn Dodgers batting - Pitching for Grafton Middies : RHP Yuri Volkers
Batting: LHB Ray Sears 0-0: Swinging Strike
0-1: Ball
1-1: Swinging Strike
1-2: Foul Ball, location: 2F
1-2: SINGLE (Line Drive, 89S)
Batting: LHB Pancho García 0-0: Foul Ball, location: 2F
0-1: Ball
1-1: Foul Ball, location: 2F
1-2: Strikes out looking
Batting: RHB Ángel Vargas 0-0: Called Strike
0-1: Called Strike
0-2: Ground out 6-3 (Groundball, 6S)
Ray Sears to second
Batting: LHB John Boone 0-0: Ball
1-0: Called Strike
1-1: Called Strike
1-2: Ball
2-2: Ball
3-2: Foul Ball, location: 2F
3-2: Strikes out swinging
Top of the 2nd over - 0 run(s), 1 hit(s), 0 error(s), 1 left on base; Brooklyn 0 - Grafton 1
BOTTOM OF THE 2ND
Grafton Middies batting - Pitching for Brooklyn Dodgers : RHP Ramón Ortega
Batting: LHB Chad Armstrong 0-0: Foul Ball, location: 2F
0-1: Ball
1-1: Ball
2-1: Ball
3-1: Foul Ball, location: 2F
3-2: Base on Balls
Batting: RHB Carlos Vázquez 0-0: Ball
1-0: Reached on error, E5 (Groundball, 5)
Chad Armstrong to second
Batting: RHB Steve Brewer 0-0: Called Strike
0-1: Foul Ball, location: 2F
0-2: DOUBLE (Line Drive, 5D)
Chad Armstrong scores
Carlos Vázquez to third
Batting: RHB Yuri Volkers 0-0: Foul Ball, location: 2F
0-1: Ball
1-1: Called Strike
1-2: Ground out 6-3 (Groundball, 6)
Carlos Vázquez scores
Batting: RHB Fernando Delgado 0-0: Foul Ball, location: 2F
0-1: Ground out 5-3 (Groundball, 56)
Batting: LHB Paul Herman 0-0: Called Strike
0-1: SINGLE (Groundball, 34)
Steve Brewer to third
Runner from 3rd tries for Home, SAFE, throw made home
Batting: LHB Tony Dyer 0-0: Ball
1-0: Fielders Choice at 2nd, U4 (Groundball, 4M)
Bottom of the 2nd over - 3 run(s), 2 hit(s), 1 error(s), 1 left on base; Brooklyn 0 - Grafton 4
TOP OF THE 3RD
Brooklyn Dodgers batting - Pitching for Grafton Middies : RHP Yuri Volkers
Batting: RHB Keith Lowery 0-0: Called Strike
0-1: Foul Ball, location: 2F
0-2: Foul Ball, location: 2F
0-2: Ball
1-2: Ball
2-2: Ball
3-2: Foul Ball, location: 2F
3-2: Foul Ball, location: 2F
3-2: Strikes out swinging
Batting: RHB Ramón Ortega 0-0: Called Strike
0-1: Ball
1-1: Ball
2-1: Called Strike
2-2: Ball
3-2: Foul Ball, location: 2F
3-2: Foul Ball, location: 2F
3-2: DOUBLE (Flyball, 7LM)
Batting: LHB Christian Walls 0-0: Foul Ball, location: 2F
0-1: Foul Ball, location: 2F
0-2: Foul Ball, location: 2F
0-2: Ball
1-2: Ball
2-2: Ground out 6-3 (Groundball, 6)
Batting: LHB Egidio Agnolutto 0-0: Fly out, F9 (Flyball, 89M)
Top of the 3rd over - 0 run(s), 1 hit(s), 0 error(s), 1 left on base; Brooklyn 0 - Grafton 4
BOTTOM OF THE 3RD
Grafton Middies batting - Pitching for Brooklyn Dodgers : RHP Ramón Ortega
Batting: LHB Guillermo Romero 0-0: Ball
1-0: Ball
2-0: Ball
3-0: Ground out 6-3 (Groundball, 6M)
Batting: SHB Matt Morris 0-0: Ground out 3-1 (Groundball, 34)
Batting: LHB Chad Armstrong 0-0: Ball
1-0: Fly out, F6 (Popup, 56)
Bottom of the 3rd over - 0 run(s), 0 hit(s), 0 error(s), 0 left on base; Brooklyn 0 - Grafton 4
TOP OF THE 4TH
Brooklyn Dodgers batting - Pitching for Grafton Middies : RHP Yuri Volkers
Batting: RHB Thom Wilcox 0-0: Ball
1-0: Ground out 5-3 (Groundball, 56)
Batting: LHB Ray Sears 0-0: Ball
1-0: Ball
2-0: Ground out 4-3 (Groundball, 34)
Batting: LHB Pancho García 0-0: Ball
1-0: Called Strike
1-1: Ball
2-1: Ball
3-1: Base on Balls
Batting: RHB Ángel Vargas 0-0: Called Strike
0-1: Ball
Pancho García steals 2nd base
1-1: Foul Ball, location: 2F
1-2: Ball
2-2: Foul Ball, location: 2F
2-2: Strikes out swinging
Top of the 4th over - 0 run(s), 0 hit(s), 0 error(s), 1 left on base; Brooklyn 0 - Grafton 4
BOTTOM OF THE 4TH
Grafton Middies batting - Pitching for Brooklyn Dodgers : RHP Ramón Ortega
Batting: RHB Carlos Vázquez 0-0: Ball
1-0: Called Strike
1-1: SINGLE (Groundball, 56D)
Batting: RHB Steve Brewer 0-0: Swinging Strike
0-1: Ball
1-1: Foul Ball, location: 2F
1-2: Strikes out looking
Batting: RHB Yuri Volkers 0-0: Sac Bunt - play at first, batter OUT! 1-4
Carlos Vázquez to second
Batting: RHB Fernando Delgado 0-0: Foul Ball, location: 2F
0-1: Ball
1-1: Foul Ball, location: 2F
1-2: Ball
2-2: Ball
3-2: Fly out, F4 (Line Drive, 4)
Bottom of the 4th over - 0 run(s), 1 hit(s), 0 error(s), 1 left on base; Brooklyn 0 - Grafton 4
TOP OF THE 5TH
Brooklyn Dodgers batting - Pitching for Grafton Middies : RHP Yuri Volkers
Batting: LHB John Boone 0-0: Called Strike
0-1: Swinging Strike
0-2: SINGLE (Line Drive, 4D)
Batting: RHB Keith Lowery 0-0: Swinging Strike
0-1: Called Strike
0-2: Ball
1-2: Ball
2-2: Ball
3-2: Strikes out swinging
Batting: RHB Ramón Ortega 0-0: Bunted foul
0-1: Sac Bunt - play at first, batter OUT! 2-4
John Boone to second
Batting: LHB Christian Walls 0-0: Ball
1-0: Called Strike
1-1: Foul Ball, location: 2F
1-2: Strikes out swinging
Top of the 5th over - 0 run(s), 1 hit(s), 0 error(s), 1 left on base; Brooklyn 0 - Grafton 4
BOTTOM OF THE 5TH
Grafton Middies batting - Pitching for Brooklyn Dodgers : RHP Ramón Ortega
Batting: LHB Paul Herman 0-0: Ball
1-0: Ground out 4-3 (Groundball, 34)
Batting: LHB Tony Dyer 0-0: Ball
1-0: Foul Ball, location: 2F
1-1: Swinging Strike
1-2: Hit by Pitch
Batting: LHB Guillermo Romero 0-0: Foul Ball, location: 2F
0-1: Fly out, F7 (Flyball, 78D)
Batting: SHB Matt Morris 0-0: SINGLE (Line Drive, 34D)
Tony Dyer to second
Runner from 2nd tries for 3rd, SAFE, no throw or cutoff
Batting: LHB Chad Armstrong 0-0: Called Strike
0-1: Called Strike
0-2: Ball
1-2: DOUBLE (Line Drive, 9LM)
Tony Dyer scores
Matt Morris to third
Runner from 3rd tries for Home, SAFE, throw made home
Pitching: RHP Paul Lowery
Batting: RHB Carlos Vázquez 0-0: Called Strike
0-1: SINGLE (Line Drive, 4MD)
Chad Armstrong to third
Batting: RHB Steve Brewer 0-0: Swinging Strike
0-1: Called Strike
0-2: Ball
1-2: Foul Ball, location: 2F
1-2: Strikes out swinging
Bottom of the 5th over - 2 run(s), 3 hit(s), 0 error(s), 2 left on base; Brooklyn 0 - Grafton 6
TOP OF THE 6TH
Brooklyn Dodgers batting - Pitching for Grafton Middies : RHP Yuri Volkers
Batting: LHB Egidio Agnolutto 0-0: Ball
1-0: Fly out, F8 (Flyball, 8LD)
Batting: RHB Thom Wilcox 0-0: Ground out 5-3 (Groundball, 56)
Batting: LHB Ray Sears 0-0: Ball
1-0: Swinging Strike
1-1: Foul Ball, location: 2F
1-2: Strikes out swinging
Top of the 6th over - 0 run(s), 0 hit(s), 0 error(s), 0 left on base; Brooklyn 0 - Grafton 6
BOTTOM OF THE 6TH
Grafton Middies batting - Pitching for Brooklyn Dodgers : RHP Paul Lowery
Pinch Hitting: LHB Morgan Carney 0-0: Ball
1-0: Ground out 4-3 (Groundball, 4)
Batting: RHB Fernando Delgado 0-0: Foul Ball, location: 2F
0-1: Ball
1-1: Swinging Strike
1-2: Strikes out looking
Batting: LHB Paul Herman 0-0: Ball
1-0: Ball
2-0: Ball
3-0: Base on Balls
Batting: LHB Tony Dyer 0-0: Foul Ball, location: 2F
0-1: Fly out, F9 (Flyball, 89S)
Bottom of the 6th over - 0 run(s), 0 hit(s), 0 error(s), 1 left on base; Brooklyn 0 - Grafton 6
TOP OF THE 7TH
Brooklyn Dodgers batting - Pitching for Grafton Middies : RHP Yuri Volkers
Pitching: RHP José Gutiérrez
Now in CF: Scott Alexander
Now in RF: Chris Lowe
Batting: LHB Pancho García 0-0: Ball
1-0: Foul Ball, location: 2F
1-1: DOUBLE (Line Drive, 9LS)
Batting: RHB Ángel Vargas 0-0: Called Strike
0-1: Ball
1-1: Foul Ball, location: 2F
1-2: Foul Ball, location: 2F
1-2: Ball
2-2: SINGLE (Groundball, 56)
Pancho García to third
Batting: LHB John Boone 0-0: Ball
1-0: Called Strike
1-1: Ball
2-1: Called Strike
2-2: Fly out, F7 (Flyball, 7M)
Batting: RHB Keith Lowery 0-0: Called Strike
0-1: Ball
1-1: Ball
2-1: Ball
3-1: Base on Balls
Ángel Vargas to second
Pinch Hitting: SHB Matthieu Servergnini 0-0: Ball
1-0: SINGLE (Flyball, 78S)
Pancho García scores
Ángel Vargas to third
Keith Lowery to second
Batting: LHB Christian Walls 0-0: Ball
1-0: SINGLE (Groundball, 6D) (infield hit)
Ángel Vargas scores
Keith Lowery to third
Matthieu Servergnini to second
Pitching: LHP Mario Jiménez
Batting: LHB Egidio Agnolutto 0-0: Ball
1-0: Called Strike
1-1: Swinging Strike
1-2: Ball
2-2: Strikes out swinging
Batting: RHB Thom Wilcox 0-0: Ground out 2-3 (Groundball, 2L)
Top of the 7th over - 2 run(s), 4 hit(s), 0 error(s), 3 left on base; Brooklyn 2 - Grafton 6
BOTTOM OF THE 7TH
Grafton Middies batting - Pitching for Brooklyn Dodgers : RHP Paul Lowery
Pitching: RHP José Gonzáles
Batting: LHB Scott Alexander 0-0: Ball
1-0: Fly out, F7 (Flyball, 78M)
Batting: SHB Matt Morris 0-0: Called Strike
0-1: Called Strike
0-2: Ball
1-2: Strikes out swinging
Batting: LHB Chad Armstrong 0-0: Ball
1-0: Called Strike
1-1: Called Strike
1-2: Ball
2-2: Ball
3-2: Base on Balls
Batting: RHB Carlos Vázquez 0-0: Called Strike
0-1: Foul Ball, location: 2F
0-2: Ball
1-2: Foul Ball, location: 2F
1-2: Ball
2-2: Strikes out looking
Bottom of the 7th over - 0 run(s), 0 hit(s), 0 error(s), 1 left on base; Brooklyn 2 - Grafton 6
TOP OF THE 8TH
Brooklyn Dodgers batting - Pitching for Grafton Middies : LHP Mario Jiménez
Batting: LHB Ray Sears 0-0: Swinging Strike
0-1: Ball
1-1: Ball
2-1: Foul Ball, location: 2F
2-2: Ball
3-2: Foul Ball, location: 2F
3-2: Fly out, F5 (Line Drive, 56S)
Batting: LHB Pancho García 0-0: Ball
1-0: Ball
2-0: SINGLE (Line Drive, 34)
Batting: RHB Ángel Vargas 0-0: Called Strike
0-1: Called Strike
0-2: Strikes out swinging
Batting: LHB John Boone 0-0: Ground out 5-3 (Groundball, 15S)
Top of the 8th over - 0 run(s), 1 hit(s), 0 error(s), 1 left on base; Brooklyn 2 - Grafton 6
BOTTOM OF THE 8TH
Grafton Middies batting - Pitching for Brooklyn Dodgers : RHP José Gonzáles
Batting: RHB Steve Brewer 0-0: Ball
1-0: Ground out 6-3 (Groundball, 6M)
Pinch Hitting: RHB Victor Eveson 0-0: Fly out, F8 (Popup, 8RS)
Batting: RHB Fernando Delgado 0-0: Ball
1-0: Foul Ball, location: 2F
1-1: Ball
2-1: Ground out 6-3 (Groundball, 56)
Bottom of the 8th over - 0 run(s), 0 hit(s), 0 error(s), 0 left on base; Brooklyn 2 - Grafton 6
TOP OF THE 9TH
Brooklyn Dodgers batting - Pitching for Grafton Middies : LHP Mario Jiménez
Pitching: RHP Juan Rosa
Batting: RHB Keith Lowery 0-0: Ball
1-0: Swinging Strike
1-1: Called Strike
1-2: Ball
2-2: Foul Ball, location: 2F
2-2: Ground out 4-3 (Groundball, 34D)
Pinch Hitting: LHB Adrián Rodríguez 0-0: Ball
1-0: Called Strike
1-1: Foul Ball, location: 2F
1-2: Foul Ball, location: 2F
1-2: Fly out, F8 (Flyball, 8LM)
Batting: LHB Christian Walls 0-0: Called Strike
0-1: Swinging Strike
0-2: Ball
1-2: Ball
2-2: Foul Ball, location: 2F
2-2: SINGLE (Groundball, 34D)
Batting: LHB Egidio Agnolutto 0-0: Ball
1-0: Ball
2-0: Ball
3-0: Called Strike
3-1: Foul Ball, location: 2F
3-2: Fly out, F4 (Popup, 4D)
Top of the 9th over - 0 run(s), 1 hit(s), 0 error(s), 1 left on base; Brooklyn 2 - Grafton 6
This league is powered by Out of the Park Baseball, the baseball management simulation game for PC, Mac and Linux
Thursday, April 24th, 2014 - OOTP Baseball 14.6 Build 33